 Dungeon Crawl Stone Soup version 0.28.0-45-g0d030f2227 (webtiles) character file.

Game seed: 17562631467456907641

76 sanboga the Covered (level 4, 0/29 HPs)
             Began as a Gargoyle Fighter on Apr 18, 2022.
             Killed from afar by Sigmund (4 damage)
             ... with a magic dart
             ... on level 2 of the Dungeon.
             The game lasted 00:02:08 (1646 turns).

sanboga the Covered (Gargoyle Fighter)              Turns: 1646, Time: 00:02:08

Health: 0/29       AC: 11    Str: 22    XL:     4   Next: 32%
Magic:  4/4        EV:  9    Int:  8    God:
Gold:   94         SH:  6    Dex: 21    Spells: 3/3 levels left

rFire   . . .      SeeInvis .   i - +0 broad axe
rCold   . . .      Faith    .   c - +0 buckler
rNeg    + . .      Spirit   .   b - +0 scale mail
rPois   ∞          Reflect  .   n - +0 helmet
rElec   +          Harm     .   (no cloak)
rCorr   .          Rampage  .   (no gloves)
Will    .....                   (no boots)
Stlth   ..........              (no amulet)
HPRegen 0.09/turn               j - +6 ring of dexterity
MPRegen 0.09/turn               k - +6 ring of dexterity

@: flying, hasted, very quick
A: sickness immunity, AC +3, negative energy resistance 1, electricity
resistance, torment resistance 1, petrification resistance
a: no special abilities


You were on level 2 of the Dungeon.
You visited 1 branch of the dungeon, and saw 2 of its levels.

You collected 94 gold pieces.

Inventory:

Hand Weapons
 a - a +0 war axe
 i - a +0 broad axe (weapon)
Armour
 b - a +0 scale mail (worn)
 c - a +0 buckler (worn)
 n - a +0 helmet (worn)
Jewellery
 j - a +6 ring of dexterity (left hand)
 k - a +6 ring of dexterity (right hand)
Scrolls
 e - a scroll of enchant armour {unknown}
 g - a scroll of identify {unknown}
 l - a scroll of teleportation {unknown}
 m - a scroll of torment {unknown}
Potions
 d - a potion of might
 h - a potion of flight


   Skills:
 + Level 3.7 Fighting
 * Level 2.9 Axes
 + Level 3.8 Armour
 + Level 3.8 Shields


You had 3 spell levels left.
You didn't know any spells.
Your spell library contained the following spells:

 Spells                   Type           Power      Damage    Failure   Level
 Call Canine Familiar     Summ           0%         N/A       99%         3
 Portal Projectile        Hex/Tloc       0%         N/A       99%         3
 Leda's Liquefaction      Hex/Erth       0%         N/A       100%        4
 Summon Forest            Summ/Tloc      0%         N/A       100%        5
 Eringya's Noxious Bog    Tmut/Pois      0%         N/A       100%        6
 Summon Hydra             Summ           0%         N/A       100%        7


Dungeon Overview and Level Annotations

Branches:
Dungeon (2/15)

Altars:

Annotations:
D:2 Sigmund


Innate Abilities, Weirdness & Mutations

You are immune to sickness and miasma.
Your stone body is resilient. (AC +3)
You are immune to poison.
You resist negative energy. (rN+)
You are resistant to electric shocks. (rElec)
You are resistant to unholy torment.
You are immune to petrification.


Message History

You are more confused.
You see here a +0 hand axe.
Sigmund gestures at you while chanting. The puff of flame hits you.
Sigmund screams, "I am the angel of ZOT!!!"
Sigmund breathes a few words.
Sigmund's hands start flickering wildly.
Sigmund casts a spell at you. The puff of flame hits you.
Sigmund hits you from afar with a +0 scythe.
Sigmund barely misses you.
You closely miss Sigmund. Sigmund casts a spell at you.
The magic dart hits you but does no damage.
You slash Sigmund!
Sigmund is moderately wounded.
You feel less confused. Sigmund closely misses you.
You completely miss Sigmund.
Sigmund is moderately wounded.
Sigmund casts a spell at you. The puff of flame hits you.
You barely miss Sigmund.
Sigmund is moderately wounded.
Sigmund hits you with a +0 scythe!
* * * LOW HITPOINT WARNING * * *
You slash Sigmund!
Sigmund is heavily wounded.
Sigmund completely misses you.
You closely miss Sigmund.
Sigmund is heavily wounded.
Sigmund hits you with a +0 scythe.
* * * LOW HITPOINT WARNING * * *
It was a potion of flight.
You feel very buoyant.
You fly up into the air.
You block Sigmund's attack.
It was a potion of haste.
You feel yourself speed up. Sigmund gestures at you while chanting.
The magic dart hits you.
You die...

#......... # #.........
# #....(.... #######
###......... '......
...........
################.....#
..........#...##.....#
.########.....##@)...#
.#............##@)...#
.+...................#
##...................#
..............######
#########'#...##...####
...........<...+.......
#########.##.###...##.#
#.##..##...##.#
#.##..##...##.#


You could see Sigmund.

Vanquished Creatures
  Robin (D:2)
  A gnoll (D:1)
  A worm (D:2)
  3 dart slugs (D:1)
  4 bats
  5 endoplasms
  2 giant cockroaches (D:1)
  11 goblins (D:2)
  2 hobgoblins
  2 quokkas (D:1)
  5 ball pythons
  4 frilled lizards
  2 kobolds (D:1)
  A rat (D:1)
44 creatures vanquished.

Notes
Turn   | Place    | Note
-------+----------+-------------------------------------------
     0 | D:1      | sanboga the Gargoyle Fighter began the quest for the Orb.
     0 | D:1      | Reached XP level 1. HP: 14/14 MP: 1/1
   100 | D:1      | Reached XP level 2. HP: 8/19 MP: 2/2
   943 | D:1      | Found a faded altar of an unknown god.
   995 | D:1      | Reached XP level 3. HP: 23/23 MP: 3/3
  1381 | D:2      | Noticed Robin
  1401 | D:2      | Reached XP level 4. HP: 23/29 MP: 4/4
  1407 | D:2      | Killed Robin
  1626 | D:2      | Noticed Sigmund
  1646 | D:2      | Killed from afar by Sigmund

Illustrated notes

Levels and vault maps discovered:
D:1:      mrwooster_arrival_statue, layout_basic,
          dreamdust_ecumenical_altar_grove
D:2:      layout_basic, uniq_robin, uniq_sigmund

Skill      XL: |  1 |
---------------+----+-----
Axes           | 2 |  2.9
Fighting       | |  3.7
Armour         | |  3.8
Shields        | |  3.8

Action                   |  1- 3 |  4- 6 || total
-------------------------+-------+-------++-------
Melee: War axe           |    53 |       ||    53
       Broad axe         |    31 |    19 ||    50
  Use: Potion            |       |     2 ||     2
Armor: Scale mail        |    62 |     4 ||    66
Dodge: Dodged            |    43 |     7 ||    50
Block: Buckler           |    28 |     5 ||    33
